 Dungeon Crawl Stone Soup version 0.27.1 (webtiles) character file.

Game seed: 10400909177529433769

55 MajorAdolf the Sneak (level 3, 0/31 HPs)
             Began as a Naga Wanderer on Aug 29, 2021.
             Slain by a rat (2 damage)
             ... on level 2 of the Dungeon on Aug 30, 2021.
             The game lasted 00:11:03 (2895 turns).

MajorAdolf the Sneak (Naga Wanderer)                Turns: 2895, Time: 00:11:03

Health: 0/31       AC:  2    Str: 15    XL:     3   Next: 93%
Magic:  6/6        EV:  6    Int: 12    God:
Gold:   55         SH:  7    Dex: 10    Spells: 6/6 levels left

rFire    . . .     SeeInvis +   k - staff of poison
rCold    . . .     Faith    .   d - +0 kite shield
rNeg     . . .     Spirit   .   j - +0 robe
rPois    +         Reflect  .   (no helmet)
rElec    .         Harm     .   (no cloak)
rCorr    .         Rampage  .   (no gloves)
Will     .....                  (no barding)
Stlth    +++.......             (no amulet)
HPRegen  0.10/turn              (no ring)
MPRegen  0.10/turn              (no ring)

@: slowed, very slow
A: AC +1, large, see invisible, deformed body, poison resistance, slowness 2,
spit poison 1, naga tail 1
a: Spit Poison


You were on level 2 of the Dungeon.
You visited 1 branch of the dungeon, and saw 2 of its levels.

You collected 55 gold pieces.

Inventory:

Hand Weapons
 a - a +2 shortbow
 e - a +0 hand axe
 f - a +0 dagger
Missiles
 b - 29 arrows
 l - 15 sling bullets
Armour
 c - a +0 ring mail
 d - a +0 kite shield (worn)
 j - a +0 robe (worn)
Magical Staves
 k - a staff of poison (weapon)
Scrolls
 g - a scroll of identify
 h - 4 scrolls of teleportation
 i - a scroll of magic mapping {unknown}


   Skills:
 + Level 1.3 Fighting
 + Level 0.3 Staves
 - Level 1.7 Bows
 - Level 1.5 Armour
 - Level 5.0 Stealth
 + Level 1.2 Shields
 - Level 2.0 Spellcasting
 - Level 1.0 Necromancy
 + Level 0.5 Poison Magic


You had 6 spell levels left.
You didn't know any spells.
Your spell library was empty.

Dungeon Overview and Level Annotations

Branches:
Dungeon (2/15)

Altars:

Annotations:
D:2 Natasha


Innate Abilities, Weirdness & Mutations

Your serpentine skin is tough. (AC +1)
You have supernaturally acute eyesight. (SInv)
Armour fits poorly on your strangely shaped body.
Your system is resistant to poisons. (rPois)
You cover ground very slowly.
You can spit poison.
You have a snake-like lower body.


Message History

The adder poisons you! The adder bites you.
You miss the adder.
The adder is heavily wounded.
You feel sick. You block the adder's attack.
Your shield prevents you from hitting the adder.
The adder is heavily wounded.
You feel sick. You block the adder's attack. The adder bites you.
You are more poisoned.
The adder poisons you!
You hit the adder.
You kill the adder!
You feel sick.
No target in view!
Unknown command.
You start resting.
You feel sick. x3
You are no longer poisoned.
You start resting.
Natasha is nearby!
Natasha is nearby!
Natasha hisses angrily.
Natasha stares at you and mumbles some strange words.
You feel yourself slow down. You block Natasha's attack.
The rat barely misses you. Natasha claws you. You block the rat's attack.
Natasha claws you! The rat bites you.
Natasha stares at you and mumbles some strange words.
You resist with some effort. Natasha claws you!
* * * LOW HITPOINT WARNING * * *
You aren't carrying any potions.
Unknown command.
Okay, then.
You aren't carrying any items that you can evoke.
Unknown command.
As you read the scroll labelled YHECKI IPSEIDD, it crumbles to dust.
It is a scroll of identify.
h - 4 scrolls of teleportation The rat barely misses you.
Natasha casts a spell.
The rat bites you.
You die...

<.....#.#...## #.##
).......##...###..##
.........).........##
......#####.####....##
......# ###.####.....##
......# #........#....##
......# #.......##..=..##
...h..# #......r).)##.<.##
...#.## #.....5h@..#.....#
##..h.###......##......#..#
#..#..#####.#.#..##...#...#
#.>##.####..#.#.####...
...# #.. #......##...
#....#....
.....$.#####....#
#....#.... .......# .#..#
#...># ##. .....### ....#
#....# ..... ##...


You could see Natasha, a crimson imp (summoned) and a rat.

Vanquished Creatures
  An adder (D:2)
  A gnoll (D:1)
  A worm (D:1)
  A dart slug (D:1)
  3 ball pythons
  2 endoplasms
  3 goblins
  4 hobgoblins
  4 kobolds
  A quokka (D:1)
  6 bats (D:1)
  2 frilled lizards (D:1)
  2 rats (D:1)
31 creatures vanquished.

Notes
Turn   | Place    | Note
-------+----------+-------------------------------------------
     0 | D:1      | MajorAdolf the Naga Wanderer began the quest for the Orb.
     0 | D:1      | MajorAdolf set off with the following items: a +2 shortbow,
                  | 29 arrows, a +0 ring mail, a +0 kite shield
     0 | D:1      | Reached XP level 1. HP: 18/18 MP: 3/3
     0 | D:1      | Noticed a palentonga
     0 | D:1      | Noticed a spriggan
     1 | D:1      | Noticed a human
     3 | D:1      | Noticed a vine stalker
     3 | D:1      | Noticed a felid
     5 | D:1      | Noticed an octopode
     6 | D:1      | Noticed a tengu
     7 | D:1      | Noticed a djinni
    10 | D:1      | Noticed a demonspawn
    12 | D:1      | Noticed a felid
    14 | D:1      | Noticed a spriggan
    14 | D:1      | Noticed a ghoul
    16 | D:1      | Noticed an octopode
    16 | D:1      | Noticed a demigod
    18 | D:1      | Noticed a felid
    18 | D:1      | Noticed an ogre
    20 | D:1      | Noticed a dwarf
    78 | D:1      | Reached skill level 2 in Stealth
   281 | D:1      | Reached skill level 3 in Stealth
   281 | D:1      | Reached XP level 2. HP: 25/25 MP: 5/5
   474 | D:1      | Reached skill level 4 in Stealth
   744 | D:1      | Found a faded altar of an unknown god.
   990 | D:1      | Reached XP level 3. HP: 31/31 MP: 6/6
  1531 | D:2      | Noticed Natasha
  2163 | D:2      | Reached skill level 5 in Stealth
  2501 | D:2      | HP: 1/31 [worm (10)]
  2514 | D:2      | HP: 1/31 [bat (1)]
  2895 | D:2      | Slain by a rat

Illustrated notes

Levels and vault maps discovered:
D:1:      shiori_arrival_whats_in_store_for_you, layout_basic,
          shapermc_ecumenical_altar_gd, minmay_heptomino_h4
D:2:      minmay_inner_zag, layout_rooms, uniq_natasha

Skill      XL: |  1  2  3 |
---------------+----------+-----
Stealth        | 3 4 5 |  5.0
Fighting       | |  1.3
Staves         | |  0.3
Bows           | |  1.7
Armour         | |  1.5
Shields        | |  1.2
Spellcasting   | |  2.0
Necromancy     | |  1.0
Poison Magic   | |  0.5

Action                   || total
-------------------------++-------
Melee: Hand axe          ||     5
       Dagger            ||     8
       Staff             ||    48
 Fire: Shortbow          ||     1
 Abil: Spit Poison       ||    40
  Use: Scroll            ||     1
Armor: Robe              ||    17
       Skin              ||     4
Dodge: Dodged            ||    43
Block: Kite shield       ||    26
